 Dungeon Crawl Stone Soup version 0.21.1-1-g345015f (webtiles) character file.

2869 realspace3 the Slinger (level 10, -17/60 HPs)
             Began as a Kobold Hunter on June 5, 2018.
             Demolished by a two-headed ogre
             ... wielding a +0 giant club
              (22 damage)
             ... on level 7 of the Dungeon.
             The game lasted 01:25:33 (10083 turns).

realspace3 the Slinger (Kobold Hunter)             Turns: 10083, Time: 01:25:34

Health: -17/60     AC:  9    Str: 10    XL:     10   Next: 4%
Magic:  0/10       EV: 16    Int: 12    God:
Gold:   470        SH:  0    Dex: 19    Spells: 9/9 levels left

rFire    + . .     SeeInvis .   P - +2 rapier (venom)
rCold    . . .     Gourm    .   (shield restricted)
rNeg     . . .     Faith    .   A - +1 ring mail {rF+}
rPois    .         Spirit   +   (no helmet)
rElec    .         Reflect  .   X - scarf {Spirit}
rCorr    +         Harm     .   y - +1 pair of gloves
MR       .....                  (no boots)
Stlth    ++........             N - amulet of guardian spirit
HPRegen  0.20/turn              g - +3 ring of slaying
MPRegen  0.12/turn              u - ring of resist corrosion

@: no status effects
A: small, carnivore
a: no special abilities


You were on level 7 of the Dungeon.
You were completely stuffed.

You visited 2 branches of the dungeon, and saw 9 of its levels.

You collected 470 gold pieces.

Inventory:

Hand Weapons
 a - a +1 hunting sling
 b - a +0 short sword
 c - a +0 shortbow
 v - a +2 flail of crushing
 C - a +2 dagger of protection
 D - a +1 hand axe of freezing
 E - a +2 whip of flaming
 F - a +0 hand axe of draining
 J - a +2 flail of protection
 L - a cursed +4 long sword
 P - a +2 rapier of venom (weapon)
 R - a +0 blowgun
Missiles
 d - 36 sling bullets
 o - 67 bolts
 x - 199 stones (quivered)
 G - 3 javelins of returning
 S - 167 arrows
 W - 6 needles of sleeping
Armour
 i - a +0 scale mail
 w - a +0 plate armour
 y - a +1 pair of gloves (worn)
 A - a +1 ring mail of fire resistance (worn)
 X - a scarf of spirit shield (worn)
Jewellery
 g - a +3 ring of slaying (left hand)
 u - a ring of resist corrosion (right hand)
 N - an amulet of guardian spirit (around neck)
Wands
 p - a wand of flame (21)
 Y - a wand of paralysis (14)
Scrolls
 e - 2 scrolls of noise {unknown}
 l - 2 scrolls of enchant armour {unknown}
 r - 7 scrolls of teleportation {unknown}
 s - 5 scrolls of remove curse
 B - a scroll of immolation {unknown}
 I - 3 scrolls of fear {unknown}
 M - a scroll of amnesia {unknown}
 Q - 2 scrolls of magic mapping {unknown}
 T - 4 scrolls of identify {unknown}
Potions
 h - 2 potions of invisibility
 n - 3 potions of brilliance {unknown}
 q - 2 potions of curing {unknown}
 t - a potion of mutation {unknown}
 z - 2 potions of haste
 H - 9 potions of heal wounds
 K - 2 potions of lignification
 U - a potion of magic {unknown}
 V - a potion of berserk rage
 Z - a potion of cancellation
Comestibles
 f - 13 rations


   Skills:
 + Level 6.3 Fighting
 + Level 7.1 Short Blades
 + Level 8.9 Slings
 + Level 4.3 Armour
 + Level 5.0 Dodging
 + Level 3.5 Stealth


You had 9 spell levels left.
You didn't know any spells.

Dungeon Overview and Level Annotations

Branches:
Dungeon (8/15)             Temple (1/1) D:5
   Lair: D:8-11

Altars:
Ashenzari
Cheibriados
Dithmenos
Elyvilon
Gozag
Hepliaklqana
Kikubaaqudgha
Makhleb
Okawaru
Qazlal
Sif Muna
Trog
Uskayaw
Vehumet
Wu Jian
Xom
Yredelemnul
Zin
The Shining One
Lugonu

Annotations:
D:8 Jaiteiro's ghost, novice GrFi


Innate Abilities, Weirdness & Mutations

You are small and have problems with some larger weapons.
You are carnivorous and can eat meat at any time.


Message History

The two-headed ogre hits you with a giant club.
Press: ? - help, v - describe, . - travel A rock wall.
You see here an uncursed shortbow.
You puncture the two-headed ogre!
The two-headed ogre is poisoned.
The two-headed ogre is lightly wounded.
The two-headed ogre hits you with a giant club.
The two-headed ogre hits you with a giant club!
* * * LOW HITPOINT WARNING * * *
The two-headed ogre looks more healthy.
All of the chunks of flesh in your inventory have rotted away.
The two-headed ogre hits you with a giant club!
* * * LOW HITPOINT WARNING * * *
The two-headed ogre hits you with a giant club.
* * * LOW HITPOINT WARNING * * *
The two-headed ogre barely misses you.
The two-headed ogre hits you with a giant club.
* * * LOW HITPOINT WARNING * * *
The two-headed ogre hits you with a giant club!!
You die...

..............# #.# #.#
.#######......# #.# #.# .....#
#......#####'## #.######## .###.#
#.............# #......... .# #.#
#.............# ########## .# #.#
#...p...)...[.###########. .# #.#
#.............'........... .# #.#
#.......O.....############ .# #.#
#........@....###########. .# #.#
#......................... .# #.#
#..................)...... .# #.#
#...................)..... '###.#
#######...................
...#.####........................
..^#.#<##...............)....p...
...#.#.##........................
...#.#)##.....[...###............


You could see a two-headed ogre and a neutral freed slave (wandering).

Vanquished Creatures
  Pikel (D:7)
  Sigmund (D:4)
  2 ice beasts
  A black bear (D:6)
  2 sky beasts (D:6)
  2 ogres
  A phantom (D:7)
  The ghost of kae the Ruffian, an amateur DrTm (D:3)
  3 centaurs
  A bullfrog (D:7)
  2 scorpions
  4 wights
  3 howler monkeys
  A bullfrog skeleton (D:5)
  4 hounds
  4 jellies
  An orc priest (D:3)
  A centaur skeleton (D:6)
  2 orc wizards
  Terence (D:2)
  5 worker ants
  2 worker ant zombies
  11 adders
  3 adder skeletons
  A worm (D:4)
  3 leopard geckos
  17 orcs
  6 bats
  3 giant cockroaches
  7 goblins
  7 hobgoblins
  5 jackals
  12 kobolds
  2 quokkas
  6 frilled lizards
  A giant cockroach zombie (D:5)
  A jackal zombie (D:7)
  7 rats
  5 demonic plants (Temple)
142 creatures vanquished.

Vanquished Creatures (others)
  2 slaves (D:7)
  A centaur (D:7)
  A centaur skeleton (D:8)
  An iguana (D:7)
5 creatures vanquished.

Grand Total: 147 creatures vanquished

Notes
Turn   | Place    | Note
-------+----------+-------------------------------------------
     0 | D:1      | realspace3 the Kobold Hunter began the quest for the Orb.
     0 | D:1      | Reached XP level 1. HP: 12/12 MP: 1/1
    64 | D:1      | Reached XP level 2. HP: 16/17 MP: 2/2
   368 | D:1      | Reached XP level 3. HP: 21/21 MP: 3/3
  1172 | D:2      | Reached XP level 4. HP: 27/27 MP: 4/4
  1176 | D:2      | Found a deep blue altar of Sif Muna.
  1233 | D:2      | Noticed Terence
  1287 | D:2      | Found an ornate altar of the Wu Jian Council.
  1304 | D:2      | Reached skill level 5 in Slings
  1335 | D:2      | Killed Terence
  1335 | D:2      | Reached skill level 1 in Short Blades
  1519 | D:3      | Noticed kae's ghost (amateur DrTm)
  1586 | D:3      | Killed kae's ghost
  1586 | D:3      | Reached XP level 5. HP: 17/32 MP: 5/5
  1836 | D:3      | Reached XP level 6. HP: 37/37 MP: 6/6
  2117 | D:3      | Reached skill level 1 in Armour
  2287 | D:3      | Found a stormy altar of Qazlal.
  2900 | D:4      | Noticed Sigmund
  2911 | D:4      | Killed Sigmund
  2911 | D:4      | Reached skill level 6 in Slings
  2911 | D:4      | Reached XP level 7. HP: 30/42 MP: 7/7
  3103 | D:4      | Found an ancient bone altar of Kikubaaqudgha.
  3141 | D:4      | Found a shadowy altar of Dithmenos.
  3737 | D:5      | Entered Level 5 of the Dungeon
  3868 | D:5      | Found a staircase to the Ecumenical Temple.
  3895 | D:5      | Reached XP level 8. HP: 48/48 MP: 8/8
  4169 | D:5      | Found an iron altar of Okawaru.
  4588 | Temple   | Entered the Ecumenical Temple
  5003 | D:6      | Found a hide-covered altar of Uskayaw.
  5152 | D:6      | Reached skill level 7 in Slings
  5340 | D:6      | Found a snail-covered altar of Cheibriados.
  5710 | D:6      | Reached skill level 5 in Fighting
  6134 | D:7      | Reached skill level 8 in Slings
  6134 | D:7      | Reached XP level 9. HP: 54/54 MP: 9/9
  6294 | D:7      | Noticed Pikel
  6342 | D:7      | Killed Pikel
  6342 | D:7      | Reached skill level 5 in Short Blades
  6693 | D:7      | Found the +0 sword of Power
  7341 | D:7      | Found a glowing silver altar of Zin.
  8727 | D:8      | Found a white marble altar of Elyvilon.
  8729 | D:8      | Noticed Jaiteiro's ghost (novice GrFi)
  9748 | D:7      | Reached skill level 5 in Dodging
  9820 | D:7      | Reached XP level 10. HP: 36/60 MP: 6/10
  9977 | D:8      | Noticed a two-headed ogre
 10066 | D:7      | HP: 1/60 [two-headed ogre/giant club (4)]
 10083 | D:7      | Demolished by a two-headed ogre

Skill      XL: |  1  2  3  4  5  6  7  8  9 10 |
---------------+-------------------------------+-----
Stealth        | 2 3 |  3.5
Slings         | 5 6 8 |  8.9
Short Blades   | 1 2 3 4 6 7 |  7.1
Dodging        | 3 4 5 |  5.0
Fighting       | 3 4 5 6 |  6.3
Armour         | 1 2 4 |  4.3

Action                   |  1- 3 |  4- 6 |  7- 9 | 10-12 || total
-------------------------+-------+-------+-------+-------++-------
Melee: Short sword       |    28 |     7 |       |       ||    35
       Dagger            |       |    48 |   629 |    22 ||   699
       Rapier            |       |       |    16 |     2 ||    18
 Fire: Hunting sling     |    33 |    81 |   143 |       ||   257
  Use: Potion            |     3 |       |     3 |       ||     6
       Scroll            |       |     2 |     1 |       ||     3
 Stab: Distracted        |       |     1 |       |       ||     1
  Eat: Chunk             |     9 |     5 |    22 |     1 ||    37
Armor: Leather armour    |    11 |     3 |       |       ||    14
       Skin              |     5 |       |       |       ||     5
       Ring mail         |       |    16 |   115 |     9 ||   140
Dodge: Dodged            |    38 |    47 |   224 |    28 ||   337
